AoeStats
← PUNISHER

Arena

506459147Analyzed
1v1 RM · 18d ago on Sep 13, 2026· 57m 23s· 2 players
Game mode
Random Map
Map size
Tiny (2 player)
Population
200
Speed
Normal
Resources
Standard
Victory
Conquest
Starting age
Dark Age
Ending age
Imperial Age
RankedLock teamsTeams togetherTeam positionsShared explorationLock speedFull tech treeHidden civsTurbo modeCheats
Victory
Defeat
🇹🇷 Turks · Türkiye
814
+15
🇦🇷 Bulgarians · Argentina
796
-15
MessiTomandoMate33
10:01 Feudal Age
8:17 Loom
10:58 Double-Bit Axe
11:47 Horse Collar
13:13 Town Watch
15:29 Wheelbarrow
16:06 Wheelbarrow
19:44 Castle Age
17:37 Fletching
17:58 Forging
17:48 Scale Mail Armor
22:01 Town Patrol
26:30 Squires
26:28 Bodkin Arrow
26:33 Padded Archer Armor
26:17 Elite Skirmisher
27:32 Bow Saw
27:38 Heavy Plow
29:24 Leather Archer Armor
29:42 Thumb Ring
33:32 Imperial Age
32:07 Iron Casting
34:14 Scale Barding Armor
34:28 Bloodlines
34:20 Husbandry
33:44 Onager
34:20 Cavalier
38:24 Blast Furnace
37:44 Chain Barding Armor
40:37 Hand Cart
41:36 Crop Rotation
41:06 Gold Mining
41:06 Stone Mining
42:03 Conscription
43:01 Chain Barding Armor
42:16 Capped Ram
43:24 Bagains
47:20 Chemistry
46:59 Plate Barding Armor
54:32 Gambesons
54:32 Arson
54:09 Pikeman
54:13 Elite Konnik
55:10 Halberdier
55:20 Elite Konnik
55:59 Stirrups
57:01 Scale Mail Armor
57:02 Bracer
PUNISHER
6:26 Loom
11:52 Feudal Age
12:51 Double-Bit Axe
13:19 Town Watch
17:05 Castle Age
15:48 Stone Mining
18:23 Padded Archer Armor
18:08 Horse Collar
21:51 Fervor
23:04 Bow Saw
24:15 Murder Holes
24:01 Treadmill Crane
30:07 Imperial Age
28:58 Wheelbarrow
28:30 Gold Mining
30:40 Town Patrol
31:24 Gold Shaft Mining
30:59 Scale Barding Armor
31:05 Forging
31:03 Fletching
31:29 Leather Archer Armor
32:45 Sipahi
33:42 Husbandry
33:52 Bloodlines
34:47 Guilds
35:01 Ballistics
36:46 Iron Casting
36:33 Chain Barding Armor
38:20 Artillery
39:46 Bombard Tower
39:37 Masonry
40:39 Conscription
42:00 Hand Cart
42:03 Heavy Camel Rider
44:10 Hoardings
44:50 Plate Barding Armor
44:12 Bodkin Arrow
45:16 Elite Janissary
49:10 Blast Furnace
Connection lost

Rejoining the realm…

Still unreachable

The connection could not be restored.

Session expired

The server has moved on; the page needs a fresh start.